| TOP OF THE 1ST |
|
Orem Owlz batting - Pitching for Bluefield Blue Jays : LHP Katsumi Takaki
|
|
Pitching: LHP Katsumi Takaki
|
|
|
Batting: SHB Butch Brown
|
0-0: Foul Ball, location: 2F 0-1: Called Strike 0-2: Ball 1-2: Ball 2-2: Fly out, F6 (Popup, 6, EV 59.4 MPH)
|
|
Batting: LHB Justin Alexander
|
0-0: Fly out, F8 (Flyball, 8LS, EV 83.1 MPH)
|
|
Batting: RHB Ryan Pelletier
|
0-0: Ball 1-0: SINGLE (Groundball, 4MD, EV 100.0 MPH)
|
|
Batting: RHB Mike Alm
|
0-0: Foul Ball, location: 2F 0-1: Swinging Strike 0-2: Ball 1-2: Foul Ball, location: 2F 1-2: Ball 2-2: Strikes out swinging
|
| Top of the 1st over - 0 runs, 1 hit, 0 errors, 1 left on base; Orem 0 - Bluefield 0 |
| BOTTOM OF THE 1ST |
|
Bluefield Blue Jays batting - Pitching for Orem Owlz : RHP Luis Cabrera
|
|
Pitching: RHP Luis Cabrera
|
|
|
Batting: RHB Justin Geiger
|
0-0: Ball 1-0: Ball 2-0: Foul Ball, location: 2F 2-1: Ball 3-1: Base on Balls
|
|
Batting: RHB Justin Powell
|
0-0: Ball Justin Geiger is caught stealing 2nd base 2-4 1-0: Ground out 4-3 (Groundball, 4S, EV 66.9 MPH)
|
|
Batting: LHB Cesar Arteaga
|
0-0: Ball 1-0: Ball 2-0: Ball 3-0: Base on Balls
|
|
Batting: RHB Jordan Fairburn
|
0-0: Swinging Strike 0-1: Called Strike 0-2: Foul Ball, location: 2F 0-2: Ball Cesar Arteaga is caught stealing 2nd base 2-4
|
| Bottom of the 1st over - 0 runs, 0 hits, 0 errors, 0 left on base; Orem 0 - Bluefield 0 |
| TOP OF THE 2ND |
|
Orem Owlz batting - Pitching for Bluefield Blue Jays : LHP Katsumi Takaki
|
|
Batting: LHB Brett Bugge
|
0-0: Called Strike 0-1: Ball 1-1: Ground out 5-3 (Groundball, 56S, EV 88.8 MPH)
|
|
Batting: RHB Danny Bjarnson
|
0-0: Ball 1-0: Ball 2-0: Ground out 4-3 (Groundball, 4M, EV 103.1 MPH)
|
|
Batting: RHB J.R. Roberts
|
0-0: Called Strike 0-1: Swinging Strike 0-2: Foul Ball, location: 2F 0-2: Ball 1-2: Strikes out swinging
|
| Top of the 2nd over - 0 runs, 0 hits, 0 errors, 0 left on base; Orem 0 - Bluefield 0 |
| BOTTOM OF THE 2ND |
|
Bluefield Blue Jays batting - Pitching for Orem Owlz : RHP Luis Cabrera
|
|
Batting: RHB Jordan Fairburn
|
0-0: Ball 1-0: Foul Ball, location: 2F 1-1: SOLO HOME RUN (Flyball, 78XD, EV 108.8 MPH), Distance : 423 ft
|
|
Batting: SHB Jack Andrews
|
0-0: Called Strike 0-1: Foul Ball, location: 2F 0-2: Ground out 4-3 (Groundball, 4D, EV 101.9 MPH)
|
|
Batting: RHB Mike Johnson
|
0-0: SINGLE (Line Drive, 6D, EV 99.4 MPH)
|
|
Batting: RHB Wade Diamond
|
0-0: Ball 1-0: Called Strike 1-1: Ball 2-1: SINGLE (Groundball, 34S, EV 73.1 MPH) (infield hit) Mike Johnson to second
|
|
Batting: RHB Tokuji Kawabata
|
0-0: Foul Ball, location: 2F 0-1: Ball 1-1: Called Strike 1-2: Ball 2-2: Hit by Pitch Mike Johnson to third Wade Diamond to second
|
|
Batting: RHB David Cooper
|
0-0: Ball 1-0: Fielders Choice at 2nd, 4-6 (Groundball, 4S, EV 85.6 MPH) Mike Johnson scores Wade Diamond to third
|
|
Batting: RHB Justin Geiger
|
0-0: Called Strike 0-1: Ball 1-1: Ball Pickoff Throw to First - Out! 1-3
|
| Bottom of the 2nd over - 2 runs, 3 hits, 0 errors, 1 left on base; Orem 0 - Bluefield 2 |
| TOP OF THE 3RD |
|
Orem Owlz batting - Pitching for Bluefield Blue Jays : LHP Katsumi Takaki
|
|
Batting: RHB Jose Ramirez
|
0-0: Ground out 4-3 (Groundball, 4, EV 85.6 MPH)
|
|
Batting: RHB Malachi Ephron
|
0-0: Ball 1-0: Ball 2-0: Called Strike 2-1: Fly out, F7 (Flyball, 78M, EV 73.1 MPH)
|
|
Batting: SHB Butch Brown
|
0-0: Ball 1-0: Ball 2-0: Foul Ball, location: 2F 2-1: Ball 3-1: SINGLE (Line Drive, 89M, EV 103.8 MPH)
|
|
Batting: LHB Justin Alexander
|
0-0: Ball 1-0: Ball 2-0: Ball 3-0: Foul Ball, location: 2F 3-1: Foul Ball, location: 2F 3-2: SINGLE (Groundball, 6MD, EV 98.1 MPH) Butch Brown to second Butch Brown to third
|
|
Batting: RHB Ryan Pelletier
|
0-0: Called Strike 0-1: Foul Ball, location: 2F 0-2: Ball 1-2: Ball 2-2: Reached on error, E5 (Groundball, 5S, EV 91.9 MPH) Butch Brown scores Justin Alexander to second
|
|
Batting: RHB Mike Alm
|
0-0: Swinging Strike 0-1: Ball 1-1: Foul Ball, location: 2F 1-2: Ground out U3 (Groundball, 34S, EV 87.5 MPH)
|
| Top of the 3rd over - 1 run, 2 hits, 1 error, 2 left on base; Orem 1 - Bluefield 2 |
| BOTTOM OF THE 3RD |
|
Bluefield Blue Jays batting - Pitching for Orem Owlz : RHP Luis Cabrera
|
|
Batting: RHB Justin Geiger
|
0-0: Ball 1-0: Called Strike 1-1: Ball 2-1: Foul Ball, location: 2F 2-2: Foul Ball, location: 2F 2-2: Ball 3-2: Fly out, F7 (Flyball, 78M, EV 88.1 MPH)
|
|
Batting: RHB Justin Powell
|
0-0: Ball 1-0: Fly out, F7 (Line Drive, 78S, EV 106.9 MPH)
|
|
Batting: LHB Cesar Arteaga
|
0-0: Ball 1-0: Foul Ball, location: 2F 1-1: Ball 2-1: Ball 3-1: Called Strike 3-2: Foul Ball, location: 2F 3-2: Strikes out swinging
|
| Bottom of the 3rd over - 0 runs, 0 hits, 0 errors, 0 left on base; Orem 1 - Bluefield 2 |
| TOP OF THE 4TH |
|
Orem Owlz batting - Pitching for Bluefield Blue Jays : LHP Katsumi Takaki
|
|
Batting: LHB Brett Bugge
|
0-0: Called Strike 0-1: SINGLE (Groundball, P, EV 82.5 MPH) (infield hit)
|
|
Batting: RHB Danny Bjarnson
|
0-0: Grounds into double play, 6-4-3 (Groundball, 6, EV 100.6 MPH)
|
|
Batting: RHB J.R. Roberts
|
0-0: Called Strike 0-1: Fly out, F7 (Flyball, 7LM, EV 87.5 MPH)
|
| Top of the 4th over - 0 runs, 1 hit, 0 errors, 0 left on base; Orem 1 - Bluefield 2 |
| BOTTOM OF THE 4TH |
|
Bluefield Blue Jays batting - Pitching for Orem Owlz : RHP Luis Cabrera
|
|
Batting: RHB Jordan Fairburn
|
0-0: Called Strike 0-1: Ball 1-1: Foul Ball, location: 2F 1-2: SINGLE (Line Drive, 7LM, EV 103.8 MPH)
|
|
Batting: SHB Jack Andrews
|
0-0: Ball Jordan Fairburn steals 2nd base 1-0: Fly out, F8 (Flyball, 8RXD, EV 102.5 MPH) Runner from 2nd tags up, SAFE at 3rd, no throw by CF
|
|
Batting: RHB Mike Johnson
|
0-0: Ball 1-0: Called Strike 1-1: SINGLE (Line Drive, 7LS, EV 96.9 MPH) Jordan Fairburn scores
|
|
Batting: RHB Wade Diamond
|
0-0: Called Strike 0-1: Ball 1-1: SINGLE (Groundball, 34D, EV 95.0 MPH) Mike Johnson to second Runner from 2nd tries for 3rd, SAFE, throw by RF made to third
|
|
Batting: RHB Tokuji Kawabata
|
0-0: Ball 1-0: Foul Ball, location: 2F 1-1: Ball 2-1: Fielders Choice at 2nd, 4-6 (Groundball, 4, EV 81.9 MPH) Mike Johnson scores
|
|
Batting: RHB David Cooper
|
0-0: Ball 1-0: Ball 2-0: Called Strike 2-1: Foul Ball, location: 2F 2-2: Fly out, F7 (Flyball, 78S, EV 98.8 MPH)
|
| Bottom of the 4th over - 2 runs, 3 hits, 0 errors, 1 left on base; Orem 1 - Bluefield 4 |
| TOP OF THE 5TH |
|
Orem Owlz batting - Pitching for Bluefield Blue Jays : LHP Katsumi Takaki
|
|
Batting: RHB Jose Ramirez
|
0-0: Foul Ball, location: 2F 0-1: Ball 1-1: Foul Ball, location: 2F 1-2: Foul Ball, location: 2F 1-2: Ground out 5-3 (Groundball, 56, EV 101.3 MPH)
|
|
Batting: RHB Malachi Ephron
|
0-0: Ball 1-0: Called Strike 1-1: Ball 2-1: Called Strike 2-2: Strikes out swinging
|
|
Batting: SHB Butch Brown
|
0-0: Swinging Strike 0-1: Swinging Strike 0-2: Ball 1-2: Strikes out swinging
|
| Top of the 5th over - 0 runs, 0 hits, 0 errors, 0 left on base; Orem 1 - Bluefield 4 |
| BOTTOM OF THE 5TH |
|
Bluefield Blue Jays batting - Pitching for Orem Owlz : RHP Luis Cabrera
|
|
Batting: RHB Justin Geiger
|
0-0: Called Strike 0-1: Ball 1-1: DOUBLE (Flyball, 8RXD, EV 100.6 MPH)
|
|
Pitching: RHP Owen Prouty
|
|
|
Batting: RHB Justin Powell
|
0-0: Ball Wild Pitch! Justin Geiger to third 1-0: Ball 2-0: Fly out, F8 (Flyball, 8LD, EV 97.5 MPH) Runner from 3rd tags up, OUT at HOME! 8-2
|
|
Batting: LHB Cesar Arteaga
|
0-0: Foul Ball, location: 2F 0-1: Called Strike 0-2: Ball 1-2: Foul Ball, location: 2F 1-2: Ball 2-2: Ball 3-2: Fly out, F5 (Popup, 6S, EV 71.9 MPH)
|
| Bottom of the 5th over - 0 runs, 1 hit, 0 errors, 0 left on base; Orem 1 - Bluefield 4 |
| TOP OF THE 6TH |
|
Orem Owlz batting - Pitching for Bluefield Blue Jays : LHP Katsumi Takaki
|
|
Batting: LHB Justin Alexander
|
0-0: Called Strike 0-1: Ground out 4-3 (Groundball, 4, EV 84.4 MPH)
|
|
Batting: RHB Ryan Pelletier
|
0-0: Foul Ball, location: 2F 0-1: DOUBLE (Flyball, 8LXD, EV 101.3 MPH)
|
|
Batting: RHB Mike Alm
|
0-0: Called Strike 0-1: Swinging Strike 0-2: Fly out, F3 (Flyball, 34D, EV 87.5 MPH)
|
|
Batting: LHB Brett Bugge
|
0-0: Fly out, F8 (Flyball, 89D, EV 90.6 MPH)
|
| Top of the 6th over - 0 runs, 1 hit, 0 errors, 1 left on base; Orem 1 - Bluefield 4 |
| BOTTOM OF THE 6TH |
|
Bluefield Blue Jays batting - Pitching for Orem Owlz : RHP Owen Prouty
|
|
Batting: RHB Jordan Fairburn
|
0-0: Called Strike 0-1: Called Strike 0-2: Ball 1-2: Foul Ball, location: 2F 1-2: Strikes out swinging
|
|
Batting: SHB Jack Andrews
|
0-0: Called Strike 0-1: Ball 1-1: Foul Ball, location: 2F 1-2: Ball 2-2: Foul Ball, location: 2F 2-2: Fly out, F7 (Line Drive, 7D, EV 103.1 MPH)
|
|
Batting: RHB Mike Johnson
|
0-0: Ball 1-0: Foul Ball, location: 2F 1-1: Called Strike 1-2: Fly out, F8 (Flyball, 8RD, EV 101.9 MPH)
|
| Bottom of the 6th over - 0 runs, 0 hits, 0 errors, 0 left on base; Orem 1 - Bluefield 4 |
| TOP OF THE 7TH |
|
Orem Owlz batting - Pitching for Bluefield Blue Jays : LHP Katsumi Takaki
|
|
Now at 2B: Gary Wilson
|
|
|
Now at SS: Jose Molina
|
|
|
Now in LF: Justin Powell
|
|
|
Now in RF: Rich Cracchiolo
|
|
|
Batting: RHB Danny Bjarnson
|
0-0: Ball 1-0: DOUBLE (Line Drive, 89M, EV 99.4 MPH)
|
|
Batting: RHB J.R. Roberts
|
0-0: Called Strike 0-1: Fly out, F3 (Popup, 3F, EV 66.9 MPH)
|
|
Pitching: RHP Aaron Linkous
|
|
|
Batting: RHB Jose Ramirez
|
0-0: Called Strike 0-1: Ball 1-1: Called Strike 1-2: Ball 2-2: Strikes out swinging
|
|
Batting: RHB Malachi Ephron
|
0-0: Foul Ball, location: 2F 0-1: Foul Ball, location: 2F 0-2: Ball 1-2: Foul Ball, location: 2F 1-2: Strikes out looking
|
| Top of the 7th over - 0 runs, 1 hit, 0 errors, 1 left on base; Orem 1 - Bluefield 4 |
| BOTTOM OF THE 7TH |
|
Bluefield Blue Jays batting - Pitching for Orem Owlz : RHP Owen Prouty
|
|
Batting: RHB Wade Diamond
|
0-0: Ball 1-0: Swinging Strike 1-1: Ball 2-1: Foul Ball, location: 2F 2-2: Strikes out looking
|
|
Batting: RHB Tokuji Kawabata
|
0-0: Ball 1-0: Called Strike 1-1: Swinging Strike 1-2: Strikes out swinging
|
|
Batting: RHB David Cooper
|
0-0: Called Strike 0-1: Ball 1-1: Foul Ball, location: 2F 1-2: Strikes out looking
|
| Bottom of the 7th over - 0 runs, 0 hits, 0 errors, 0 left on base; Orem 1 - Bluefield 4 |
| TOP OF THE 8TH |
|
Orem Owlz batting - Pitching for Bluefield Blue Jays : RHP Aaron Linkous
|
|
Batting: SHB Butch Brown
|
0-0: Called Strike 0-1: Swinging Strike 0-2: Ball 1-2: Foul Ball, location: 2F 1-2: Strikes out swinging
|
|
Batting: LHB Justin Alexander
|
0-0: Called Strike 0-1: Ball 1-1: Called Strike 1-2: Ball 2-2: Strikes out looking
|
|
Batting: RHB Ryan Pelletier
|
0-0: Ball 1-0: Called Strike 1-1: Ball 2-1: Foul Ball, location: 2F 2-2: Ground out 6-3 (Groundball, 6, EV 81.9 MPH)
|
| Top of the 8th over - 0 runs, 0 hits, 0 errors, 0 left on base; Orem 1 - Bluefield 4 |
| BOTTOM OF THE 8TH |
|
Bluefield Blue Jays batting - Pitching for Orem Owlz : RHP Owen Prouty
|
|
Pitching: RHP Troy Ingram
|
|
|
Batting: RHB Justin Geiger
|
0-0: Called Strike 0-1: Ground out 6-3 (Groundball, 6, EV 103.8 MPH)
|
|
Batting: RHB Justin Powell
|
0-0: Called Strike 0-1: Foul Ball, location: 2F 0-2: Ball 1-2: Foul Ball, location: 2F 1-2: Ball 2-2: SINGLE (Groundball, 6MD, EV 102.5 MPH)
|
|
Batting: RHB Gary Wilson
|
0-0: Ball 1-0: Grounds into double play, 5-4-3 (Groundball, 5, EV 92.5 MPH)
|
| Bottom of the 8th over - 0 runs, 1 hit, 0 errors, 0 left on base; Orem 1 - Bluefield 4 |
| TOP OF THE 9TH |
|
Orem Owlz batting - Pitching for Bluefield Blue Jays : RHP Aaron Linkous
|
|
Pitching: RHP Dave Kurtz
|
|
|
Batting: RHB Mike Alm
|
0-0: Ball 1-0: Foul Ball, location: 2F 1-1: Ball 2-1: Ball 3-1: Base on Balls
|
|
Batting: LHB Brett Bugge
|
0-0: Called Strike 0-1: Ball 1-1: Grounds into double play, 6-4-3 (Groundball, 6, EV 102.5 MPH)
|
|
Batting: RHB Danny Bjarnson
|
0-0: Ball 1-0: Called Strike 1-1: Fly out, F9 (Line Drive, 9, EV 110.0 MPH)
|
| Top of the 9th over - 0 runs, 0 hits, 0 errors, 0 left on base; Orem 1 - Bluefield 4 |
|